 Dungeon Crawl Stone Soup version 0.25-a0-317-g5f8687bca5 (webtiles) character file.

Game seed: 13504903685932088493, levelgen mode: deterministic

168 ANON1729 the Sneak (level 5, 0/31 HPs)
             Began as an Octopode Fire Elementalist on Dec 27, 2019.
             Succumbed to a worker ant's poison
             ... on level 3 of the Dungeon.
             The game lasted 00:06:38 (2624 turns).

ANON1729 the Sneak (Octopode Fire Elementalist)     Turns: 2624, Time: 00:06:39

Health: 0/31       AC:  1    Str:  7    XL:     5   Next: 48%
Magic:  1/9        EV: 14    Int: 23    God:
Gold:   155        SH:  0    Dex: 13    Spells: 1/9 levels left

rFire    . . .     SeeInvis .   f - +2 whip (elec)
rCold    . . .     Gourm    .   (no shield)
rNeg     . . .     Faith    .   (helmet restricted)
rPois    .         Spirit   .   (no amulet)
rElec    .         Reflect  .   i - ring of teleportation (curse)
rCorr    +         Harm     .   j - ring of resist corrosion
MR       .....     Rnd*Tele +   (no ring)
Stlth    ++++......             (no ring)
HPRegen  0.10/turn              (no ring)
MPRegen  0.11/turn              (no ring)
                                (no ring)
                                (no ring)

@: brilliant, lethally poisoned (0 -> -11)
A: almost no armour, stealthy swim, amphibious, 8 rings, constrict 8, camouflage
1, gelatinous body 1
a: no special abilities


You were on level 3 of the Dungeon.
You were hungry.

You visited 1 branch of the dungeon, and saw 4 of its levels.

You collected 155 gold pieces.

Inventory:

Hand Weapons
 f - a +2 whip of electrocution (weapon)
Jewellery
 i - a cursed ring of teleportation (left tentacle)
 j - a ring of resist corrosion (right tentacle)
Wands
 m - a wand of paralysis (6)
Scrolls
 a - 4 scrolls of identify {unknown}
 c - 2 scrolls of magic mapping {unknown}
 e - a scroll of fog {unknown}
 k - a scroll of fear {unknown}
 n - a scroll of remove curse {unknown}
Potions
 d - a potion of curing {unknown}
 g - a potion of haste {unknown}
 h - a potion of brilliance
 l - a potion of heal wounds {unknown}
Comestibles
 b - 7 rations


   Skills:
 + Level 2.9 Dodging
 + Level 4.2 Stealth
 + Level 2.8 Spellcasting
 + Level 2.3 Conjurations
 + Level 3.8 Fire Magic


You had one spell level left.
You knew the following spells:

 Your Spells              Type           Power        Failure   Level  Hunger
a - Foxfire               Conj/Fire      ####         1%          1    None
b - Conjure Flame         Conj/Fire      ####....     1%          3    ###....
c - Sticky Flame          Conj/Fire      ####....     4%          4    ####...

Your spell library contained the following spells:

 Spells                   Type           Power        Failure   Level  Hunger
 Inner Flame              Hex/Fire       ####....     1%          3    ###....
 Fireball                 Conj/Fire      ####......   11%         5    ######.


Dungeon Overview and Level Annotations

Branches:
Dungeon (4/15)
 Temple: D:4-7

Altars:
Nemelex Xobeh
Sif Muna
Uskayaw
Vehumet
Zin


Innate Abilities, Weirdness & Mutations

You cannot wear most types of armour.
You are very stealthy in the water. (Stealth+)
You are amphibious.
You can wear up to eight rings at the same time.
You can use your tentacles to constrict eight enemies at once.
Your skin changes colour to match your surroundings (Stealth+).
Your rubbery body absorbs attacks. (AC +1, EV +1)


Message History

Aim: a worker ant (moderately wounded, chance to defeat MR: 54%)
The worker ant resists with significant effort.
The worker ant bites you!
* * * LOW HITPOINT WARNING * * *
The worker ant barely misses you.
Your magical contamination has completely faded away.
Evoke which item? (* to show all) (? for menu, Esc to quit)
Huh?
Evoke which item? (* to show all) (? for menu, Esc to quit)
Aiming: Paralyse
Press: ? - help, Shift-Dir - straight line, f/p - worker ant
Aim: a worker ant (moderately wounded, chance to defeat MR: 54%)
The worker ant resists with significant effort.
The worker ant bites you.
* * * LOW HITPOINT WARNING * * *
You are more poisoned.
The worker ant poisons you!
It was a potion of brilliance.
You feel clever all of a sudden.
You die...

#### ########..##
#.....##...######
#.....##.#......##
#.....##.######...
#.....##.# ####
#.....##.# #
#@....##.#
#a....##.#
#>....##.#
#..<..##.#
#.....##.#
###..###.#
##.###.# #...#.#
###..[#


You could see a worker ant.

Vanquished Creatures
  2 orc wizards
  3 adders (D:2)
  A gnoll (D:1)
  5 oozes
  2 worms (D:2)
  A dart slug (D:2)
  3 leopard geckos
  3 orcs (D:3)
  2 ball pythons
  A giant cockroach (D:1)
  4 goblins
  2 hobgoblins (D:2)
  2 jackals (D:3)
  5 kobolds
  A quokka (D:2)
  3 bats
  3 frilled lizards
  4 rats
47 creatures vanquished.

Vanquished Creatures (others)
  136 foxfires
136 creatures vanquished.

Grand Total: 183 creatures vanquished

Notes
Turn   | Place    | Note
-------+----------+-------------------------------------------
     0 | D:1      | ANON1729 the Octopode Fire Elementalist began the quest for
                  | the Orb.
     0 | D:1      | Reached XP level 1. HP: 11/11 MP: 3/3
    67 | D:1      | Reached skill level 3 in Stealth
    67 | D:1      | Reached XP level 2. HP: 6/17 MP: 0/5
   607 | D:1      | Reached XP level 3. HP: 18/21 MP: 4/6
   889 | D:1      | Learned a level 3 spell: Conjure Flame
  1232 | D:2      | Reached XP level 4. HP: 26/27 MP: 3/7
  1255 | D:2      | Found a radiant altar of Vehumet.
  1381 | D:2      | Found a glowing silver altar of Zin.
  1460 | D:2      | Found a shimmering blue altar of Sif Muna.
  1990 | D:2      | Learned a level 4 spell: Sticky Flame
  2220 | D:3      | Found a hide-covered altar of Uskayaw.
  2316 | D:3      | Reached skill level 4 in Stealth
  2316 | D:3      | Reached XP level 5. HP: 25/31 MP: 0/9
  2613 | D:4      | Found a sparkling altar of Nemelex Xobeh.
  2623 | D:3      | HP: 1/31 [worker ant (3)]
  2624 | D:3      | Succumbed to a worker ant's poison

Levels and vault maps discovered:
D:1:      tarquinn_simple_flora_water_f, layout_loops_ring
D:2:      layout_basic, overflow_temple_1_default,
          nicolae_overflow_hidden_temple, fiery_altar_vehumet, first_ration
D:3:      layout_rooms, eat_drink_and_be_merry_uskayaw
D:4:      layout_cave_pools, nemelex_xobeh_ov_fountains_minmay

Skill      XL: |  1  2  3  4 |
---------------+-------------+-----
Stealth        | 3 4 |  4.2
Conjurations   | 2 |  2.3
Dodging        | |  2.9
Spellcasting   | |  2.8
Fire Magic     | |  3.8

Action                   |  1- 3 |  4- 6 || total
-------------------------+-------+-------++-------
Melee: Unarmed           |    18 |       ||    18
       Tentacles         |     3 |     1 ||     4
       Constrict         |     1 |     2 ||     3
       Whip              |     5 |     5 ||    10
 Cast: Foxfire           |    25 |    56 ||    81
Evoke: Wand              |       |     2 ||     2
  Use: Potion            |       |     1 ||     1
 Stab: Sleeping          |     1 |       ||     1
  Eat: Chunk             |     1 |     4 ||     5
Armor: Skin              |     3 |     2 ||     5
Dodge: Dodged            |    22 |    18 ||    40

Table legend:
 A = Non-vault XP
 B = Vault XP
 C = Vault XP percentage of total XP
 D = Non-vault monster count
 E = Vault monster count
 F = Vault count percentage of total count
                 A         B        C        D         E       F
            +---------+---------+-------+---------+---------+-------
      Total |     240 |       0 |   0.0 |      47 |       0 |   0.0
            +---------+---------+-------+---------+---------+-------
        D:1 |      36 |       0 |   0.0 |       9 |       0 |   0.0
        D:2 |      91 |       0 |   0.0 |      22 |       0 |   0.0
        D:3 |      70 |       0 |   0.0 |      14 |       0 |   0.0
        D:4 |      43 |       0 |   0.0 |       2 |       0 |   0.0
            +---------+---------+-------+---------+---------+-------
